 Dungeon Crawl Stone Soup version 0.20.1-1-g8b1a95d (webtiles) character file.

25174 equalderp2856 the Severer (level 12, -2/110 HPs)
             Began as a Minotaur Fighter on Aug 11, 2017.
             Slain by an eight-headed hydra (3 damage)
             ... on level 4 of the Lair of Beasts.
             The game lasted 00:37:14 (19561 turns).

equalderp2856 the Severer (Minotaur Fighter)       Turns: 19561, Time: 00:37:15

Health: -2/110     AC: 21    Str: 23    XL:     12   Next: 87%
Magic:  12/12      EV:  8    Int:  6    God:
Gold:   755        SH: 13    Dex: 12    Spells: 11/11 levels left

rFire    . . .     SeeInvis .   T - +0 trident (pierce)
rCold    . . .     Gourm    +   c - +0 shield
rNeg     . . .     Faith    .   h - +0 plate armour
rPois    .         Spirit   .   (helmet restricted)
rElec    .         Reflect  .   s - +2 cloak
rCorr    +         Harm     .   U - +0 pair of gloves
MR       .....                  (no boots)
Stlth    ..........             E - amulet of the gourmand
Regen    0.3/turn               e - ring of resist corrosion
MPRegen  0.2/turn               v - ring of stealth

@: about to teleport
A: retaliatory headbutt, horns 2
a: no special abilities


You were on level 4 of the Lair of Beasts.
You were hungry.

You visited 2 branches of the dungeon, and saw 13 of its levels.

You collected 755 gold pieces.

Inventory:

Hand Weapons
 a - a +1 war axe
 m - a +0 trident
 x - a +0 broad axe
 T - a +0 trident of piercing (weapon)
Missiles
 y - 83 arrows
Armour
 c - a +0 shield (worn)
 h - a +0 plate armour (worn)
 s - a +2 cloak (worn)
 I - a +1 scale mail of poison resistance
 U - a +0 pair of gloves (worn)
Magical Staves
 z - an uncursed staff of cold
Jewellery
 b - an uncursed ring of fire
 e - a ring of resist corrosion (left hand)
 v - a ring of stealth (right hand)
 E - an amulet of the gourmand (around neck)
 K - an uncursed amulet of faith
Wands
 w - a wand of polymorph (1/24)
 C - a wand of polymorph (17/24)
 D - a wand of confusion (0/48)
 M - a wand of iceblast (0/15)
 N - a wand of iceblast (0/15)
 Q - a wand of acid (0/15)
 R - a wand of iceblast (5/15)
Scrolls
 j - 2 scrolls of enchant armour {unknown}
 l - 3 scrolls of identify
 o - 4 scrolls of enchant weapon
 p - 2 scrolls of blinking {unknown}
 r - 6 scrolls of amnesia
 t - 2 scrolls of fear
 u - 7 scrolls of remove curse
 A - 2 scrolls of recharging {unknown}
 F - 2 scrolls of immolation {unknown}
 J - a scroll of brand weapon {unknown}
 O - 3 scrolls of magic mapping {unknown}
Potions
 d - 2 potions of might
 g - 2 potions of magic {unknown}
 n - 2 potions of heal wounds {unknown}
 q - a potion of flight
 B - 2 potions of ambrosia
 G - a potion of degeneration {unknown}
 H - a potion of brilliance {unknown}
 L - 4 potions of curing
Comestibles
 f - 5 bread rations
 k - 7 meat rations
 P - 10 royal jellies


   Skills:
 + Level 11.1 Fighting
 + Level 15.1(15.2) Axes
 + Level 1.4(10.3) Polearms
 + Level 12.9 Armour
 + Level 3.4 Dodging
 + Level 1.8 Stealth
 + Level 12.0 Shields
 + Level 0.7 Unarmed Combat
 + Level 1.5 Evocations


You had 11 spell levels left.
You didn't know any spells.

Dungeon Overview and Level Annotations

Branches:
Dungeon (8/15)             Temple (0/1) D:7            Lair (5/6) D:8
  Swamp (0/4) Lair:2       Spider (0/4) Lair:3
  Slime: Lair:5-6

Altars:
Ashenzari
Elyvilon
Fedhas
Kikubaaqudgha
Okawaru
Sif Muna
Trog
Yredelemnul

Annotations:
Lair:5 Snorg


Innate Abilities, Weirdness & Mutations

You reflexively headbutt those who attack you in melee.
You have a pair of horns on your head.


Message History

The eight-headed hydra bites you but does no damage.
The eight-headed hydra bites you.
* * * LOW HITPOINT WARNING * * *
You block the eight-headed hydra's attack. x2
The eight-headed hydra bites you but does no damage.
You block the eight-headed hydra's attack.
The eight-headed hydra bites you.
* * * LOW HITPOINT WARNING * * *
You block the eight-headed hydra's attack.
As you read the scroll of teleportation, it crumbles to dust.
You feel strangely unstable.
You block the eight-headed hydra's attack. x2
The eight-headed hydra bites you!
* * * LOW HITPOINT WARNING * * *
The eight-headed hydra bites you but does no damage. x2
You block the eight-headed hydra's attack.
The eight-headed hydra bites you!
* * * LOW HITPOINT WARNING * * *
The eight-headed hydra bites you.
You die...

############
#..........#
##..........# ###
#...........# #≈#
###..........## ≈♣##
##..@.......### ♣♣P####
##...D......## ≈P≈#≈≈##
#.#........##
≈♣P♣≈≈.######........##
≈≈≈♣P................#
≈≈≈≈≈...............##
♣≈≈≈♣≈..............P#
≈≈♣≈≈≈..............P##
### ####
≈≈≈♣♣≈...............P#
#.###P..


You could see an eight-headed hydra.

Vanquished Creatures
  A dire elephant (Lair:3)
  Fannar (Lair:2)
  A hydra (Lair:5)
  A two-headed ogre (D:8)
  Urug (Lair:3)
  The ghost of equalderp2856 the Cleaver, a novice MiFi (D:7)
  Nergalle (Lair:4)
  11 elephants
  Joseph (D:8)
  3 spiny frogs
  A rime drake (Lair:2)
  8 komodo dragons
  A tyrant leech (Lair:1)
  5 hippogriffs
  10 blink frogs
  A redback (Lair:3)
  Sigmund (D:6)
  18 yaks
  A hungry ghost (D:8)
  3 basilisks
  Menkaure (D:5)
  15 porcupines
  9 water moccasins
  A black bear (D:8)
  3 orc warriors
  9 wolves
  2 ogres
  A centaur (D:8)
  9 crocodiles
  13 bullfrogs
  3 scorpions
  5 killer bees
  3 crimson imps
  A bullfrog skeleton (D:6)
  2 bullfrog zombies (D:5)
  3 jellies (D:8)
  5 orc priests
  6 hounds
  Terence (D:3)
  An iguana (D:5)
  A centaur skeleton (D:4)
  Natasha (twice) (D:3)
  3 orc wizards
  4 worker ants
  The ghost of dscm the Covered, a weakling GrFi (D:3)
  A hound skeleton (D:8)
  A howler monkey skeleton (D:5)
  16 adders
  7 gnolls
  5 oozes (D:8)
  An adder skeleton (D:4)
  8 worms
  2 dart slugs (D:2)
  7 leopard geckos
  12 orcs
  4 giant cockroaches
  8 goblins
  7 hobgoblins
  4 jackals (D:5)
  6 quokkas
  3 ball pythons
  5 bats
  6 frilled lizards
  8 kobolds
  7 rats
  A fungus (Lair:4)
  A plant (Lair:1)
295 creatures vanquished.

Vanquished Creatures (others)
  A bush (D:6)
  5 fungi
  5 plants
11 creatures vanquished.

Grand Total: 306 creatures vanquished

Notes
Turn   | Place    | Note
-------+----------+-------------------------------------------
     0 | D:1      | equalderp2856 the Minotaur Fighter began the quest for the Orb.
     0 | D:1      | Reached XP level 1. HP: 19/19 MP: 0/0
   390 | D:1      | Reached XP level 2. HP: 27/27 MP: 1/1
  1072 | D:2      | Reached XP level 3. HP: 33/33 MP: 2/2
  1527 | D:2      | Reached skill level 3 in Axes
  1604 | D:2      | Reached XP level 4. HP: 17/40 MP: 3/3
  2161 | D:3      | Noticed dscm's ghost (weakling GrFi)
  2168 | D:3      | Reached skill level 4 in Axes
  2177 | D:3      | Killed dscm's ghost
  2177 | D:3      | Reached XP level 5. HP: 18/46 MP: 4/4
  2470 | D:3      | Noticed Terence
  2770 | D:3      | Killed Terence
  2943 | D:3      | Noticed Natasha
  2947 | D:3      | Killed Natasha
  3300 | D:3      | Noticed Natasha
  3303 | D:3      | Killed Natasha
  3303 | D:3      | Reached skill level 5 in Armour
  3303 | D:3      | Reached skill level 1 in Dodging
  3499 | D:4      | Reached XP level 6. HP: 51/53 MP: 5/5
  3502 | D:4      | Reached skill level 5 in Axes
  3975 | D:4      | Reached skill level 5 in Shields
  4001 | D:4      | Reached skill level 6 in Axes
  4001 | D:4      | Reached XP level 7. HP: 51/60 MP: 6/6
  4216 | D:5      | Entered Level 5 of the Dungeon
  4551 | D:5      | Found a deep blue altar of Sif Muna.
  4558 | D:5      | Found a blossoming altar of Fedhas.
  4565 | D:5      | Found an ancient bone altar of Kikubaaqudgha.
  4572 | D:5      | Found a shattered altar of Ashenzari.
  4582 | D:5      | Found a basalt altar of Yredelemnul.
  4589 | D:5      | Found a bloodstained altar of Trog.
  4594 | D:5      | Found a white marble altar of Elyvilon.
  4718 | D:5      | Found a glowing drain.
  5387 | D:6      | Reached skill level 7 in Axes
  5404 | D:6      | Reached skill level 5 in Fighting
  5609 | D:6      | Noticed Sigmund
  5626 | D:6      | Noticed Menkaure
  6321 | D:6      | Reached XP level 8. HP: 68/68 MP: 7/7
  6506 | D:6      | Reached skill level 1 in Stealth
  6761 | D:6      | Killed Sigmund
  6856 | D:7      | Found a staircase to the Ecumenical Temple.
  6893 | D:7      | Noticed equalderp2856's ghost (novice MiFi)
  6932 | D:8      | Noticed Joseph
  7300 | D:8      | Reached skill level 8 in Axes
  7632 | D:8      | Killed Joseph
  7632 | D:8      | Reached XP level 9. HP: 27/75 MP: 8/8
  8374 | D:8      | Reached skill level 9 in Axes
  8477 | D:8      | Found an iron altar of Okawaru.
  8745 | D:8      | Noticed a two-headed ogre
  8777 | D:8      | Killed a two-headed ogre
  8777 | D:8      | Reached skill level 10 in Axes
  9197 | D:8      | Found a staircase to the Lair.
  9298 | D:8      | Reached XP level 10. HP: 86/86 MP: 9/9
  9313 | D:8      | Reached skill level 1 in Evocations
  9405 | Lair:1   | Entered Level 1 of the Lair of Beasts
  9528 | Lair:1   | Reached skill level 11 in Axes
  9944 | Lair:1   | Reached skill level 10 in Armour
 10551 | Lair:1   | Reached skill level 12 in Axes
 10696 | Lair:2   | Reached XP level 11. HP: 88/95 MP: 10/10
 10817 | Lair:2   | Noticed Fannar
 10846 | Lair:2   | Killed Fannar
 10846 | Lair:2   | Reached skill level 10 in Shields
 11807 | Lair:2   | You fall through a shaft!
 11807 | Lair:3   | Noticed Urug
 12963 | Lair:2   | Found a staircase to the Swamp.
 13531 | Lair:2   | Reached skill level 13 in Axes
 13531 | Lair:2   | Reached skill level 1 in Polearms
 13672 | Lair:3   | Found a hole to the Spider Nest.
 14071 | D:7      | Killed equalderp2856's ghost
 14154 | D:5      | Killed Menkaure
 14357 | Lair:2   | Got a jet-encrusted leather armour
 15560 | Lair:3   | Killed Urug
 15590 | Lair:3   | Identified the +2 leather armour "Itauk" {Int+2} (You found it on level 2 of the Lair of Beasts)
 15967 | Lair:4   | Reached XP level 12. HP: 56/106 MP: 12/12
 16320 | Lair:4   | Reached skill level 10 in Fighting
 16755 | Lair:4   | Noticed Nergalle
 16781 | Lair:4   | Killed Nergalle
 16781 | Lair:4   | Reached skill level 14 in Axes
 18077 | Lair:4   | Noticed a dire elephant
 18410 | Lair:3   | Killed a dire elephant
 18739 | Lair:4   | Reached skill level 15 in Axes
 19001 | Lair:5   | Noticed a six-headed hydra
 19015 | Lair:5   | Killed a six-headed hydra
 19189 | Lair:5   | Noticed a catoblepas
 19430 | Lair:5   | Noticed an eight-headed hydra
 19431 | Lair:5   | Noticed Snorg
 19561 | Lair:4   | HP: 1/110 [eight-headed hydra (11)]
 19561 | Lair:4   | Slain by an eight-headed hydra

Skill      XL: |  1  2  3  4  5  6  7  8  9 10 11 12 |
---------------+-------------------------------------+-----
Shields        | 4 5 6 7 8 9 10 12 | 12.0
Fighting       | 4 5 7 8 9 11 | 11.1
Armour         | 4 5 6 8 9 10 12 | 12.9
Axes           | 3 4 6 7 8 10 12 13 15 | 15.1
Dodging        | 1 2 3 |  3.4
Stealth        | 1 |  1.8
Evocations     | 1 |  1.5
Polearms       | 1 |  1.4
Unarmed Combat | |  0.7

Action                   |  1- 3 |  4- 6 |  7- 9 | 10-12 || total
-------------------------+-------+-------+-------+-------++-------
Melee: War axe           |    90 |   131 |   310 |   455 ||   986
       Headbutt          |    14 |    19 |    75 |   177 ||   285
       Unarmed           |       |    15 |       |       ||    15
       Trident           |       |       |       |    32 ||    32
       Broad axe         |       |       |       |   228 ||   228
Evoke: Wand              |       |       |     5 |     6 ||    11
  Use: Potion            |       |     2 |     1 |     2 ||     5
       Scroll            |       |       |       |    11 ||    11
 Stab: Confused          |       |       |     1 |       ||     1
  Eat: Chunk             |     2 |     7 |    17 |    30 ||    56
       Royal jelly       |       |       |     1 |     1 ||     2
       Fruit             |       |       |       |     4 ||     4
Armor: Scale mail        |    44 |    53 |    36 |       ||   133
       Skin              |       |     1 |       |       ||     1
       Plate armour      |       |       |   115 |   400 ||   515
Dodge: Dodged            |    31 |    59 |    89 |   183 ||   362
Block: Shield            |    49 |    78 |   190 |   479 ||   796
